Sabres vs Flyers

Created - 24 janvier 2013 at 22:14

Goals
1 2 3 T
Sabres 1 0 0 1
Flyers 0 0 0 0
Shots
1 2 3 T
Sabres 10 4 8 22
Flyers 12 3 9 24

1st period

1. Sabres , Markus Naslund 21 (Niclas Bergfors, Michal Rozsival) at 11:11

Penalties :
No Penalty

2nd period

No Goal

Penalties :
Marc Savard (Phi) for Fighting (Major) at 1:00, Boyd Devereaux (Buf) for Fighting (Major) at 1:00, Niclas Bergfors (Buf) for Holding (Minor) at 5:29, Andreas Johansson (Buf) for Holding (Minor) at 13:46

3rd period

No Goal

Penalties :
Shane Doan (Phi) for Roughing (Minor) at 4:47, Brian Campbell (Phi) for Interference (Minor) at 10:59, Steve Montador (Phi) for High sticking (Minor) at 14:31, Niclas Bergfors (Buf) for Cross-checking (Minor) at 14:31

Goalie Stats

Niklas Backstrom (Buf), 24 saves from 24 shots - (1,000), W, 15-13-1, 60:00 minutes
Chris Mason (Phi), 21 saves from 22 shots - (0,955), L, 10-8-1, 59:01 minutes

Players Stats for Sabres

Player Name              G  A  P  +/- PIM S  H  SB GA TA FO     MP     PP MP  PK MP  
------------------------------------------------------------------------------------
Andreas Johansson        0  0  0   0  2   2  0  0  0  0  0/2    17:28   1:53   0:33 
Boyd Devereaux           0  0  0   0  5   0  2  1  0  0  4/7    14:01   0:00   1:12 
Brendan Morrison         0  0  0   0  0   1  1  1  1  0  5/13   18:31   1:53   2:00 
Christian Laflamme       0  0  0   0  0   0  0  1  0  1  0/0    20:55   0:00   2:12 
Daniel Alfredsson        0  0  0   0  0   3  0  0  1  0  0/0    18:22   2:11   2:00 
Jochen Hecht             0  0  0   0  0   0  1  0  0  0  1/1    10:23   0:00   0:00 
Ladislav Nagy            0  0  0   0  0   1  2  0  0  0  0/0    12:24   0:00   0:24 
Ladislav Smid            0  0  0   0  0   1  2  0  0  2  0/0    21:01   0:00   1:46 
Markus Naslund           1  0  1   1  0   4  2  0  0  0  2/4    18:50   2:05   1:01 
Martin Sonnenberg        0  0  0   0  0   0  2  0  2  1  0/0     9:40   0:00   0:00 
Mats Sundin              0  0  0   1  0   0  1  1  0  1  6/17   17:45   2:05   1:01 
Mattias Timander         0  0  0   0  0   2  3  1  0  0  0/0    21:57   1:47   1:40 
Michal Rozsival          0  1  1   1  0   1  4  0  1  1  0/0    22:57   2:11   1:30 
Niclas Bergfors          0  1  1   1  4   2  3  0  0  0  0/2    16:31   1:53   0:00 
Niclas Havelid           0  0  0   0  0   1  1  0  0  2  0/0    20:28   1:47   0:48 
Niklas Sundstrom         0  0  0   0  0   2  2  0  0  0  0/0    15:26   2:05   0:00 
Ole-Kristian Tollefsen   0  0  0   1  0   2  1  1  0  1  0/0     7:55   0:00   0:00 
Stanislav Chistov        0  0  0   0  0   0  0  0  0  1  0/0     9:40   0:00   0:00 

Players Stats for Flyers

Player Name              G  A  P  +/- PIM S  H  SB GA TA FO     MP     PP MP  PK MP  
------------------------------------------------------------------------------------
Andrei Kostitsyn         0  0  0  -1  0   2  2  0  1  0  0/1    20:07   1:49   1:01 
Brian Campbell           0  0  0  -1  2   1  0  1  0  0  0/0    20:12   2:28   0:00 
Brooks Orpik             0  0  0   0  0   0  2  2  0  1  0/0    23:27   0:00   2:37 
Ed Jovanovski            0  0  0   0  0   1  1  5  0  1  0/0    17:36   1:30   1:21 
Eric Godard              0  0  0   0  0   0  1  0  0  0  0/0     8:06   0:10   0:00 
Jeff O'Neill             0  0  0   0  0   3  1  1  0  0  8/11   15:59   0:00   1:29 
Kyle Wellwood            0  0  0   0  0   1  0  0  1  1  4/4    10:23   0:00   2:17 
Loui Eriksson            0  0  0   0  0   0  0  0  0  0  0/0    10:42   0:00   0:00 
Marc Savard              0  0  0  -1  5   2  1  0  0  0  12/23  18:54   1:56   0:00 
Marcel Goc               0  0  0   0  0   1  1  0  0  0  0/2    12:28   1:42   0:00 
Mark Bell                0  0  0   0  0   1  0  1  1  0  1/1    12:08   0:00   2:16 
Martin St. Louis         0  0  0   0  0   0  4  1  0  0  0/0    16:21   1:40   0:41 
Matt Jones               0  0  0   0  0   0  0  0  0  0  0/0    15:59   1:30   1:21 
Miroslav Satan           0  0  0   0  0   4  1  0  3  0  0/0    10:58   0:36   0:00 
Scott Hannan             0  0  0  -1  0   2  1  0  0  0  0/0    19:07   2:28   0:00 
Shane Doan               0  0  0  -1  2   1  4  1  3  0  3/3    20:02   2:06   0:12 
Simon Gagné              0  0  0   0  0   4  1  0  0  0  0/1    17:51   1:55   0:00 
Steve Montador           0  0  0   0  2   1  1  0  1  2  0/0    23:39   0:00   2:37 

3 Stars

1 - Niklas Backstrom (Buf)
2 - Chris Mason (Phi)
3 - Markus Naslund (Buf)

Power Play

Sabres - 0 on 2 Attempt(s) - 0,00%
Flyers - 0 on 2 Attempt(s) - 0,00%

Penalty Kill

Sabres - 2 on 2 Attempt(s) - 100,00% - Score 0 goal in Penalty Kill
Flyers - 2 on 2 Attempt(s) - 100,00% - Score 0 goal in Penalty Kill

Official

Referees : L'Ecuyer Frederick and McCreary Bill
Linesman : Dan Schachte and Shane Heyer

Game Notes

Ole-Kristian Tollefsen is injured at 0:49 of 2nd period (Right Ankle)
Marc Savard beats up Boyd Devereaux at 1:00 of 2nd period

Finance

Level 1 -- Attendance: 5751 (95,85%) -- Ticket Income 534 843 $
Level 2 -- Attendance: 5000 (100,00%) -- Ticket Income 260 000 $
Level 3 -- Attendance: 2000 (100,00%) -- Ticket Income 64 000 $
Level 4 -- Attendance: 3614 (90,35%) -- Ticket Income 72 280 $
Luxury Box -- Attendance: 942 (94,20%) -- Ticket Income 168 618 $
Game was played at the Spectrum
Total Attendance: 17307 (96,15%)
Total Ticket Income: 1 099 741 $
Total Income: 1 099 741 $

Sabres

5 vs 5 Forward 
   Center                   Left Wing                Right Wing               Time % Phy DF OF 
 1 Mats Sundin              Markus Naslund           Niclas Bergfors          32     2   1  2  
 2 Brendan Morrison         Andreas Johansson        Daniel Alfredsson        30     2   1  2  
 3 Boyd Devereaux           Ladislav Nagy            Niklas Sundstrom         24     0   3  2  
 4 Jochen Hecht             Martin Sonnenberg        Stanislav Chistov        14     0   3  2  

5 vs 5 Defense 
   Defense                  Defense                                           Time % Phy DF OF 
 1 Ole-Kristian Tollefsen   Michal Rozsival                                   38     1   3  1  
 2 Niclas Havelid           Christian Laflamme                                32     1   3  1  
 3 Ladislav Smid            Mattias Timander                                  30     1   3  1  
 4 Ladislav Smid            Mattias Timander                                  0      1   3  1  

PowerPlay Forward 
   Center                   Left Wing                Right Wing               Time % Phy DF OF 
 1 Mats Sundin              Markus Naslund           Niklas Sundstrom         60     2   0  3  
 2 Brendan Morrison         Andreas Johansson        Niclas Bergfors          40     1   0  4  

PowerPlay Defense
   Defense                  Defense                                           Time % Phy DF OF 
 1 Daniel Alfredsson        Michal Rozsival                                   60     0   2  3  
 2 Niclas Havelid           Mattias Timander                                  40     0   2  3  

Penalty Kill 4 Players Forward 
   Center                   Wing                     Time % Phy DF OF 
 1 Brendan Morrison         Daniel Alfredsson        60     1   3  1  
 2 Mats Sundin              Markus Naslund           40     1   3  1  

Penalty Kill 4 Players Defense
   Defense                  Defense                  Time % Phy DF OF 
 1 Ole-Kristian Tollefsen   Christian Laflamme       60     1   2  2  
 2 Ladislav Smid            Michal Rozsival          40     1   2  2  

Penalty Kill - 3 Players Forward 
   Forward                                           Time % Phy DF OF 
 1 Brendan Morrison                                  60     1   4  0  
 2 Mats Sundin                                       40     1   4  0  

Penalty Kill - 3 Players Defense
   Defense                  Defense                  Time % Phy DF OF 
 1 Ole-Kristian Tollefsen   Christian Laflamme       60     1   2  2  
 2 Ladislav Smid            Michal Rozsival          40     1   2  2  

4 vs 4 Forward 
   Center                   Wing                     Time % Phy DF OF 
 1 Brendan Morrison         Daniel Alfredsson        60     1   2  2  
 2 Mats Sundin              Markus Naslund           40     1   2  2  

4 vs 4 Defense
   Defense                  Defense                  Time % Phy DF OF 
 1 Mattias Timander         Niclas Havelid           60     1   3  1  
 2 Ladislav Smid            Michal Rozsival          40     1   3  1  

Last Minutes Offensive
   Center                   Left Wing                Right Wing               Defense                  Defense                  
   Mats Sundin              Markus Naslund           Daniel Alfredsson        Brendan Morrison         Michal Rozsival          

Last Minutes Defensive
   Center                   Left Wing                Right Wing               Defense                  Defense                  
   Boyd Devereaux           Markus Naslund           Daniel Alfredsson        Ole-Kristian Tollefsen   Christian Laflamme       

Goaltenders
Starting : Niklas Backstrom         
Backup : Dan Cloutier             

Extra Forwards
Normal : Niclas Bergfors, Niklas Sundstrom, Jochen Hecht - PP : Martin Sonnenberg, Ladislav Nagy - PK : Boyd Devereaux
Extra Defensemen
Normal : Christian Laflamme, Ole-Kristian Tollefsen, Michal Rozsival - PP : Ole-Kristian Tollefsen - PK : Mattias Timander, Niclas Havelid
Penalty Shots
Daniel Alfredsson, Markus Naslund, Mats Sundin, Brendan Morrison, Ladislav Nagy

Flyers

5 vs 5 Forward 
   Center                   Left Wing                Right Wing               Time % Phy DF OF 
 1 Marc Savard              Andrei Kostitsyn         Shane Doan               40     1   1  3  
 2 Jeff O'Neill             Simon Gagné              Martin St. Louis         30     0   2  3  
 3 Marcel Goc               Loui Eriksson            Miroslav Satan           20     1   1  3  
 4 Kyle Wellwood            Mark Bell                Eric Godard              10     2   2  1  

5 vs 5 Defense 
   Defense                  Defense                                           Time % Phy DF OF 
 1 Steve Montador           Brooks Orpik                                      40     3   2  0  
 2 Brian Campbell           Scott Hannan                                      30     0   1  4  
 3 Ed Jovanovski            Matt Jones                                        20     1   3  1  
 4 Steve Montador           Brian Campbell                                    10     1   3  1  

PowerPlay Forward 
   Center                   Left Wing                Right Wing               Time % Phy DF OF 
 1 Marc Savard              Simon Gagné              Shane Doan               60     1   0  4  
 2 Marcel Goc               Andrei Kostitsyn         Martin St. Louis         40     1   1  3  

PowerPlay Defense
   Defense                  Defense                                           Time % Phy DF OF 
 1 Brian Campbell           Scott Hannan                                      60     0   1  4  
 2 Matt Jones               Ed Jovanovski                                     40     2   1  2  

Penalty Kill 4 Players Forward 
   Center                   Wing                     Time % Phy DF OF 
 1 Kyle Wellwood            Mark Bell                60     1   4  0  
 2 Jeff O'Neill             Martin St. Louis         40     0   4  1  

Penalty Kill 4 Players Defense
   Defense                  Defense                  Time % Phy DF OF 
 1 Steve Montador           Brooks Orpik             60     2   3  0  
 2 Ed Jovanovski            Matt Jones               40     1   2  2  

Penalty Kill - 3 Players Forward 
   Forward                                           Time % Phy DF OF 
 1 Jeff O'Neill                                      60     1   2  2  
 2 Kyle Wellwood                                     40     1   2  2  

Penalty Kill - 3 Players Defense
   Defense                  Defense                  Time % Phy DF OF 
 1 Steve Montador           Brooks Orpik             60     1   2  2  
 2 Ed Jovanovski            Matt Jones               40     1   2  2  

4 vs 4 Forward 
   Center                   Wing                     Time % Phy DF OF 
 1 Marc Savard              Simon Gagné              60     1   0  4  
 2 Marcel Goc               Loui Eriksson            40     1   1  3  

4 vs 4 Defense
   Defense                  Defense                  Time % Phy DF OF 
 1 Steve Montador           Brooks Orpik             60     2   3  0  
 2 Scott Hannan             Matt Jones               40     1   2  2  

Last Minutes Offensive
   Center                   Left Wing                Right Wing               Defense                  Defense                  
   Marc Savard              Simon Gagné              Shane Doan               Scott Hannan             Brian Campbell           

Last Minutes Defensive
   Center                   Left Wing                Right Wing               Defense                  Defense                  
   Jeff O'Neill             Simon Gagné              Martin St. Louis         Steve Montador           Brooks Orpik             

Goaltenders
Starting : Chris Mason              
Backup : Ray Emery                

Extra Forwards
Normal : Mark Bell, Andrei Kostitsyn, Jeff O'Neill - PP : Andrei Kostitsyn, Miroslav Satan - PK : Shane Doan
Extra Defensemen
Normal : Scott Hannan, Brian Campbell, Ed Jovanovski - PP : Steve Montador - PK : Brian Campbell, Scott Hannan
Penalty Shots
Marc Savard, Simon Gagné, Martin St. Louis, Shane Doan, Loui Eriksson

% Time on Ice - Sabres

Lines # - Real PCT - Wanted PCT - Time Play
Normal Forward
1 - 30% - 32% - 14:31
2 - 27% - 30% - 13:16
3 - 24% - 24% - 11:33
4 - 20% - 14% - 9:40
Normal Defense
1 - 45% - 38% - 21:50
2 - 30% - 32% - 14:28
3 - 26% - 30% - 12:42
4 - 0% - 0% - 0:00
PP Forward
1 - 53% - 60% - 2:05
2 - 47% - 40% - 1:53
PP Defense
1 - 55% - 60% - 2:11
2 - 45% - 40% - 1:47
PK Forward
1 - 74% - 60% - 2:57
2 - 26% - 40% - 1:01
PK Defense
1 - 62% - 60% - 2:28
2 - 38% - 40% - 1:30
PK3 Forward
1 - 0% - 60%
2 - 0% - 40%
PK3 Defense
1 - 0% - 60%
2 - 0% - 40%
44 Forward
1 - 70% - 60% - 1:23
2 - 30% - 40% - 0:36
44 Defense
1 - 49% - 60% - 0:58
2 - 51% - 40% - 1:01
Last Minute Offensive  - 0:00
Last Minute Defensive  - 1:05
Total
Forward - 60:00
Defense - 60:00

% Time on Ice - Flyers

Lines # - Real PCT - Wanted PCT - Time Play
Normal Forward
1 - 34% - 40% - 16:34
2 - 29% - 30% - 14:04
3 - 21% - 20% - 10:18
4 - 16% - 10% - 7:56
Normal Defense
1 - 39% - 40% - 19:08
2 - 33% - 30% - 16:04
3 - 23% - 20% - 11:28
4 - 5% - 10% - 2:12
PP Forward
1 - 57% - 60% - 2:16
2 - 43% - 40% - 1:42
PP Defense
1 - 62% - 60% - 2:28
2 - 38% - 40% - 1:30
PK Forward
1 - 83% - 60% - 3:17
2 - 17% - 40% - 0:41
PK Defense
1 - 66% - 60% - 2:37
2 - 34% - 40% - 1:21
PK3 Forward
1 - 0% - 60%
2 - 0% - 40%
PK3 Defense
1 - 0% - 60%
2 - 0% - 40%
44 Forward
1 - 80% - 60% - 1:35
2 - 20% - 40% - 0:24
44 Defense
1 - 73% - 60% - 1:27
2 - 27% - 40% - 0:32
Last Minute Offensive  - 1:13
Last Minute Defensive  - 0:00
Total
Forward - 60:00
Defense - 60:00

Play by Play

1st period


0:01 of 1st period - Markus Naslund wins face-off versus Marc Savard in neutral zone.
0:04 of 1st period - Wrist shot by Markus Naslund.
0:04 of 1st period - Stopped by Chris Mason without a rebound.
0:05 of 1st period - Marc Savard wins face-off versus Mats Sundin in Flyers zone.
0:40 of 1st period - Snap shot by Mats Sundin.
0:40 of 1st period - Shot Misses the Net.
0:42 of 1st period - Slapshot by Ole-Kristian Tollefsen.
0:42 of 1st period - Stopped by Chris Mason without a rebound.
0:43 of 1st period - Jeff O'Neill wins face-off versus Brendan Morrison in Flyers zone.
1:08 of 1st period - Kyle Wellwood is hit by Boyd Devereaux and loses puck.
1:56 of 1st period - Slapshot by Mats Sundin.
1:56 of 1st period - Shot Misses the Net.
1:58 of 1st period - Slapshot by Ladislav Smid.
1:58 of 1st period - Shot Misses the Net.
2:00 of 1st period - Slapshot by Mattias Timander.
2:00 of 1st period - Stopped by Chris Mason with a rebound.
2:32 of 1st period - Snap shot by Brendan Morrison.
2:32 of 1st period - Shot Misses the Net.
3:11 of 1st period - Snap shot by Simon Gagné.
3:11 of 1st period - Shot Misses the Net.
3:13 of 1st period - Wrist shot by Jeff O'Neill.
3:13 of 1st period - Shot Misses the Net.
3:15 of 1st period - Slapshot by Simon Gagné.
3:15 of 1st period - Stopped by Niklas Backstrom without a rebound.
3:16 of 1st period - Mats Sundin wins face-off versus Jeff O'Neill in Sabres zone.
3:31 of 1st period - Snap shot by Martin St. Louis.
3:31 of 1st period - Shot Misses the Net.
4:40 of 1st period - Snap shot by Miroslav Satan.
4:40 of 1st period - Stopped by Niklas Backstrom without a rebound.
4:41 of 1st period - Marc Savard wins face-off versus Mats Sundin in Sabres zone.
4:48 of 1st period - Snap shot by Shane Doan.
4:48 of 1st period - Shot Blocked by Christian Laflamme.
4:50 of 1st period - Wrist shot by Marc Savard.
4:50 of 1st period - Stopped by Niklas Backstrom without a rebound.
4:51 of 1st period - Marc Savard wins face-off versus Brendan Morrison in Sabres zone.
5:27 of 1st period - Wrist shot by Jeff O'Neill.
5:27 of 1st period - Stopped by Niklas Backstrom with a rebound.
5:31 of 1st period - Slapshot by Martin St. Louis.
5:31 of 1st period - Shot Blocked by Ole-Kristian Tollefsen.
6:34 of 1st period - Wrist shot by Daniel Alfredsson.
6:34 of 1st period - Stopped by Chris Mason without a rebound.
6:35 of 1st period - Boyd Devereaux wins face-off versus Marc Savard in Flyers zone.
7:28 of 1st period - Snap shot by Kyle Wellwood.
7:28 of 1st period - Stopped by Niklas Backstrom with a rebound.
7:30 of 1st period - Slapshot by Ed Jovanovski.
7:30 of 1st period - Shot Misses the Net.
8:22 of 1st period - Andreas Johansson is hit by Simon Gagné and loses puck.
8:45 of 1st period - Wrist shot by Miroslav Satan.
8:45 of 1st period - Shot Misses the Net.
8:49 of 1st period - Wrist shot by Loui Eriksson.
8:49 of 1st period - Shot Misses the Net.
8:51 of 1st period - Slapshot by Brooks Orpik.
8:51 of 1st period - Shot Blocked by Brendan Morrison.
8:53 of 1st period - Slapshot by Brooks Orpik.
8:53 of 1st period - Deflect By Miroslav Satan.
8:53 of 1st period - Shot Misses the Net.
8:53 of 1st period - Puck is out of play.
8:54 of 1st period - Mats Sundin wins face-off versus Marc Savard in Sabres zone.
9:19 of 1st period - Ed Jovanovski is hit by Ole-Kristian Tollefsen and loses puck.
9:38 of 1st period - Backhand shot by Martin Sonnenberg.
9:38 of 1st period - Shot Misses the Net.
9:40 of 1st period - Slapshot by Ole-Kristian Tollefsen.
9:40 of 1st period - Shot Misses the Net.
9:58 of 1st period - Wrist shot by Markus Naslund.
9:58 of 1st period - Deflect By Shane Doan.
9:58 of 1st period - Stopped by Chris Mason without a rebound.
9:59 of 1st period - Marc Savard wins face-off versus Mats Sundin in Flyers zone.
9:59 of 1st period - Marc Savard is hit by Ladislav Smid.
10:07 of 1st period - Mattias Timander is hit by Brooks Orpik and loses puck.
10:30 of 1st period - Snap shot by Jeff O'Neill.
10:30 of 1st period - Deflect By Brendan Morrison.
10:30 of 1st period - Stopped by Niklas Backstrom with a rebound.
10:54 of 1st period - Wrist shot by Miroslav Satan.
10:54 of 1st period - Stopped by Niklas Backstrom without a rebound.
10:55 of 1st period - Marc Savard wins face-off versus Mats Sundin in Sabres zone.
10:58 of 1st period - Snap shot by Andrei Kostitsyn.
10:58 of 1st period - Stopped by Niklas Backstrom without a rebound.
10:59 of 1st period - Mats Sundin wins face-off versus Marc Savard in Sabres zone.
11:09 of 1st period - Snap shot by Markus Naslund.
11:09 of 1st period - Deflect By Niclas Bergfors.
11:09 of 1st period - Stopped by Chris Mason with a rebound.
11:11 of 1st period - Snap shot by Markus Naslund.
11:11 of 1st period - Goal by Markus Naslund - Sabres : 1 - Flyers : 0.
11:12 of 1st period - Shane Doan wins face-off versus Brendan Morrison in neutral zone.
11:15 of 1st period - Wrist shot by Marc Savard.
11:15 of 1st period - Shot Misses the Net.
11:25 of 1st period - Snap shot by Brendan Morrison.
11:25 of 1st period - Shot Misses the Net.
11:27 of 1st period - Slapshot by Ole-Kristian Tollefsen.
11:27 of 1st period - Stopped by Chris Mason without a rebound.
11:28 of 1st period - Mats Sundin wins face-off versus Jeff O'Neill in Flyers zone.
11:39 of 1st period - Wrist shot by Niclas Bergfors.
11:39 of 1st period - Stopped by Chris Mason with a rebound.
11:41 of 1st period - Slapshot by Michal Rozsival.
11:41 of 1st period - Shot Blocked by Jeff O'Neill.
11:43 of 1st period - Snap shot by Ole-Kristian Tollefsen.
11:43 of 1st period - Shot Misses the Net.
12:55 of 1st period - Off-side.
12:56 of 1st period - Jeff O'Neill wins face-off versus Mats Sundin in neutral zone.
13:50 of 1st period - Off-side.
13:51 of 1st period - Kyle Wellwood wins face-off versus Markus Naslund in neutral zone.
14:04 of 1st period - Snap shot by Mark Bell.
14:04 of 1st period - Stopped by Niklas Backstrom without a rebound.
14:05 of 1st period - Boyd Devereaux wins face-off versus Marc Savard in Sabres zone.
14:10 of 1st period - Wrist shot by Andrei Kostitsyn.
14:10 of 1st period - Shot Misses the Net.
14:12 of 1st period - Slapshot by Brian Campbell.
14:12 of 1st period - Deflect By Niclas Havelid.
14:12 of 1st period - Stopped by Niklas Backstrom with a rebound.
14:30 of 1st period - Steve Montador is hit by Brendan Morrison and loses puck.
14:37 of 1st period - Snap shot by Brendan Morrison.
14:37 of 1st period - Shot Misses the Net.
14:39 of 1st period - Slapshot by Christian Laflamme.
14:39 of 1st period - Shot Hit the Post.
14:41 of 1st period - Snap shot by Daniel Alfredsson.
14:41 of 1st period - Stopped by Chris Mason without a rebound.
14:42 of 1st period - Marc Savard wins face-off versus Mats Sundin in Flyers zone.
14:51 of 1st period - Snap shot by Andrei Kostitsyn.
14:51 of 1st period - Shot Misses the Net.
15:47 of 1st period - Steve Montador is hit by Martin Sonnenberg and loses puck.
15:54 of 1st period - Wrist shot by Mark Bell.
15:54 of 1st period - Shot Blocked by Mattias Timander.
17:16 of 1st period - Wrist shot by Martin Sonnenberg.
17:16 of 1st period - Shot Misses the Net.
17:55 of 1st period - Icing by Michal Rozsival.
17:56 of 1st period - Markus Naslund wins face-off versus Jeff O'Neill in Sabres zone.
18:11 of 1st period - Snap shot by Jeff O'Neill.
18:11 of 1st period - Stopped by Niklas Backstrom with a rebound.
18:33 of 1st period - Snap shot by Daniel Alfredsson.
18:33 of 1st period - Shot Misses the Net.
18:55 of 1st period - Snap shot by Marcel Goc.
18:55 of 1st period - Stopped by Niklas Backstrom with a rebound.
19:25 of 1st period - Niclas Havelid is hit by Ed Jovanovski and loses puck.
19:52 of 1st period - Daniel Alfredsson is hit by Andrei Kostitsyn and loses puck.

2nd period


0:01 of 2nd period - Mats Sundin wins face-off versus Marc Savard in neutral zone.
0:32 of 2nd period - Snap shot by Brendan Morrison.
0:32 of 2nd period - Stopped by Chris Mason without a rebound.
0:33 of 2nd period - Jeff O'Neill wins face-off versus Brendan Morrison in Flyers zone.
0:42 of 2nd period - Snap shot by Daniel Alfredsson.
0:42 of 2nd period - Shot Misses the Net.
0:48 of 2nd period - Ole-Kristian Tollefsen is hit by Martin St. Louis and loses puck.
0:49 of 2nd period - Ole-Kristian Tollefsen from Sabres is injured at 0:49 of 2nd period (Right Ankle).
0:50 of 2nd period - Marc Savard wins face-off versus Boyd Devereaux in Sabres zone.
1:00 of 2nd period - Marc Savard beats up Boyd Devereaux.
1:00 of 2nd period - Penalty to Marc Savard for Fighting.
1:00 of 2nd period - Penalty to Boyd Devereaux for Fighting.
1:01 of 2nd period - Mark Bell wins face-off versus Niclas Bergfors in Sabres zone.
1:26 of 2nd period - Steve Montador is hit by Michal Rozsival and loses puck.
1:35 of 2nd period - Wrist shot by Daniel Alfredsson.
1:35 of 2nd period - Shot Blocked by Brooks Orpik.
1:37 of 2nd period - Backhand shot by Ladislav Smid.
1:37 of 2nd period - Stopped by Chris Mason with a rebound.
4:22 of 2nd period - Shane Doan is hit by Ladislav Nagy and loses puck.
4:34 of 2nd period - Shane Doan is hit by Mattias Timander and loses puck.
5:03 of 2nd period - Icing by Scott Hannan.
5:04 of 2nd period - Jochen Hecht wins face-off versus Marcel Goc in Flyers zone.
5:26 of 2nd period - Wrist shot by Miroslav Satan.
5:26 of 2nd period - Shot Misses the Net.
5:28 of 2nd period - Slapshot by Steve Montador.
5:28 of 2nd period - Stopped by Niklas Backstrom without a rebound.
5:29 of 2nd period - Jeff O'Neill wins face-off versus Markus Naslund in Sabres zone.
5:29 of 2nd period - Minor Penalty to Niclas Bergfors for Holding.
5:30 of 2nd period - Brendan Morrison wins face-off versus Andrei Kostitsyn in Sabres zone.
6:00 of 2nd period - Penalty to Boyd Devereaux is over, Boyd Devereaux is back on ice.
7:29 of 2nd period - Penalty to Niclas Bergfors is over, Niclas Bergfors is back on ice.
7:41 of 2nd period - Brooks Orpik is hit by Martin Sonnenberg and loses puck.
8:16 of 2nd period - Ladislav Nagy is hit by Scott Hannan and loses puck.
8:33 of 2nd period - Jochen Hecht is hit by Eric Godard and loses puck.
8:46 of 2nd period - Andreas Johansson is hit by Shane Doan and loses puck.
9:01 of 2nd period - Markus Naslund is hit by Steve Montador.
9:15 of 2nd period - Eric Godard is hit by Niclas Havelid and loses puck.
9:42 of 2nd period - Simon Gagné is hit by Boyd Devereaux and loses puck.
9:59 of 2nd period - Mattias Timander is hit by Marcel Goc.
11:32 of 2nd period - Mark Bell is hit by Michal Rozsival and loses puck.
11:54 of 2nd period - Steve Montador is hit by Ladislav Smid and loses puck.
12:00 of 2nd period - Icing by Andrei Kostitsyn.
12:01 of 2nd period - Brendan Morrison wins face-off versus Marc Savard in Flyers zone.
12:18 of 2nd period - Daniel Alfredsson is hit by Shane Doan and loses puck.
13:04 of 2nd period - Snap shot by Martin St. Louis.
13:04 of 2nd period - Shot Blocked by Boyd Devereaux.
13:28 of 2nd period - Simon Gagné is hit by Markus Naslund and loses puck.
13:46 of 2nd period - Minor Penalty to Andreas Johansson for Holding.
13:47 of 2nd period - Brendan Morrison wins face-off versus Marc Savard in Sabres zone.
15:13 of 2nd period - Michal Rozsival is hit by Marc Savard and loses puck.
15:46 of 2nd period - Penalty to Andreas Johansson is over, Andreas Johansson is back on ice.
16:05 of 2nd period - Mark Bell is hit by Ladislav Nagy and loses puck.
16:37 of 2nd period - Slapshot by Markus Naslund.
16:37 of 2nd period - Shot Misses the Net.
17:02 of 2nd period - Icing by Marcel Goc.
17:03 of 2nd period - Brendan Morrison wins face-off versus Marcel Goc in Flyers zone.
17:04 of 2nd period - Wrist shot by Daniel Alfredsson.
17:04 of 2nd period - Shot Blocked by Ed Jovanovski.
17:06 of 2nd period - Wrist shot by Daniel Alfredsson.
17:06 of 2nd period - Shot Blocked by Ed Jovanovski.
17:08 of 2nd period - Slapshot by Niclas Havelid.
17:08 of 2nd period - Stopped by Chris Mason with a rebound.
17:14 of 2nd period - Snap shot by Daniel Alfredsson.
17:14 of 2nd period - Shot Misses the Net.
17:26 of 2nd period - Matt Jones is hit by Mattias Timander and loses puck.
17:52 of 2nd period - Simon Gagné is hit by Niclas Bergfors and loses puck.
18:07 of 2nd period - Snap shot by Niklas Sundstrom.
18:07 of 2nd period - Stopped by Chris Mason with a rebound.
18:27 of 2nd period - Slapshot by Shane Doan.
18:27 of 2nd period - Shot Misses the Net.
18:29 of 2nd period - Snap shot by Andrei Kostitsyn.
18:29 of 2nd period - Stopped by Niklas Backstrom with a rebound.
18:31 of 2nd period - Wrist shot by Marc Savard.
18:31 of 2nd period - Stopped by Niklas Backstrom without a rebound.
18:32 of 2nd period - Marc Savard wins face-off versus Brendan Morrison in Sabres zone.
19:04 of 2nd period - Snap shot by Markus Naslund.
19:04 of 2nd period - Shot Blocked by Martin St. Louis.
19:06 of 2nd period - Snap shot by Mats Sundin.
19:06 of 2nd period - Shot Blocked by Ed Jovanovski.
19:08 of 2nd period - Slapshot by Markus Naslund.
19:08 of 2nd period - Shot Blocked by Ed Jovanovski.
19:18 of 2nd period - Jeff O'Neill is hit by Mattias Timander and loses puck.
19:40 of 2nd period - Off-side.
19:41 of 2nd period - Marc Savard wins face-off versus Boyd Devereaux in neutral zone.
19:46 of 2nd period - Brooks Orpik is hit by Michal Rozsival and loses puck.
19:57 of 2nd period - Snap shot by Boyd Devereaux.
19:57 of 2nd period - Shot Misses the Net.

3rd period


0:01 of 3rd period - Marc Savard wins face-off versus Brendan Morrison in neutral zone.
0:33 of 3rd period - Shane Doan is hit by Niklas Sundstrom and loses puck.
0:50 of 3rd period - Mattias Timander is hit by Martin St. Louis and loses puck.
0:59 of 3rd period - Wrist shot by Martin St. Louis.
0:59 of 3rd period - Shot Misses the Net.
1:15 of 3rd period - Snap shot by Miroslav Satan.
1:15 of 3rd period - Shot Misses the Net.
1:59 of 3rd period - Backhand shot by Ladislav Nagy.
1:59 of 3rd period - Stopped by Chris Mason with a rebound.
2:10 of 3rd period - Scott Hannan is hit by Mats Sundin.
2:16 of 3rd period - Markus Naslund is hit by Shane Doan and loses puck.
2:44 of 3rd period - Martin Sonnenberg is hit by Martin St. Louis and loses puck.
2:59 of 3rd period - Wrist shot by Martin Sonnenberg.
2:59 of 3rd period - Shot Misses the Net.
3:57 of 3rd period - Ladislav Nagy is hit by Martin St. Louis and loses puck.
4:44 of 3rd period - Wrist shot by Ladislav Nagy.
4:44 of 3rd period - Shot Blocked by Ed Jovanovski.
4:46 of 3rd period - Snap shot by Michal Rozsival.
4:46 of 3rd period - Deflect By Niklas Sundstrom.
4:46 of 3rd period - Shot Misses the Net.
4:46 of 3rd period - Puck is out of play.
4:47 of 3rd period - Mats Sundin wins face-off versus Marc Savard in Flyers zone.
4:47 of 3rd period - Minor Penalty to Shane Doan for Roughing.
4:48 of 3rd period - Kyle Wellwood wins face-off versus Mats Sundin in Flyers zone.
4:57 of 3rd period - Snap shot by Markus Naslund.
4:57 of 3rd period - Shot Blocked by Brooks Orpik.
4:59 of 3rd period - Slapshot by Mattias Timander.
4:59 of 3rd period - Stopped by Chris Mason with a rebound.
5:35 of 3rd period - Snap shot by Andrei Kostitsyn.
5:35 of 3rd period - Shot Misses the Net.
5:37 of 3rd period - Slapshot by Ed Jovanovski.
5:37 of 3rd period - Stopped by Niklas Backstrom without a rebound.
5:38 of 3rd period - Jeff O'Neill wins face-off versus Andreas Johansson in Sabres zone.
5:47 of 3rd period - Ed Jovanovski is hit by Niclas Bergfors and loses puck.
6:47 of 3rd period - Penalty to Shane Doan is over, Shane Doan is back on ice.
6:47 of 3rd period - Mark Bell is hit by Niclas Bergfors and loses puck.
7:12 of 3rd period - Snap shot by Miroslav Satan.
7:12 of 3rd period - Stopped by Niklas Backstrom with a rebound.
7:54 of 3rd period - Snap shot by Miroslav Satan.
7:54 of 3rd period - Stopped by Niklas Backstrom with a rebound.
7:56 of 3rd period - Wrist shot by Loui Eriksson.
7:56 of 3rd period - Shot Misses the Net.
7:58 of 3rd period - Slapshot by Scott Hannan.
7:58 of 3rd period - Shot Misses the Net.
8:13 of 3rd period - Daniel Alfredsson is hit by Jeff O'Neill and loses puck.
8:24 of 3rd period - Wrist shot by Daniel Alfredsson.
8:24 of 3rd period - Deflect By Andreas Johansson.
8:24 of 3rd period - Stopped by Chris Mason with a rebound.
8:38 of 3rd period - Slapshot by Daniel Alfredsson.
8:38 of 3rd period - Stopped by Chris Mason with a rebound.
8:40 of 3rd period - Snap shot by Brendan Morrison.
8:40 of 3rd period - Shot Blocked by Mark Bell.
8:42 of 3rd period - Snap shot by Andreas Johansson.
8:42 of 3rd period - Deflect By Kyle Wellwood.
8:42 of 3rd period - Stopped by Chris Mason with a rebound.
8:44 of 3rd period - Slapshot by Ladislav Smid.
8:44 of 3rd period - Deflect By Brendan Morrison.
8:44 of 3rd period - Shot Blocked by Brian Campbell.
8:44 of 3rd period - Puck is out of play.
8:45 of 3rd period - Marc Savard wins face-off versus Boyd Devereaux in Flyers zone.
8:51 of 3rd period - Off-side.
8:52 of 3rd period - Boyd Devereaux wins face-off versus Marc Savard in neutral zone.
9:01 of 3rd period - Snap shot by Ladislav Nagy.
9:01 of 3rd period - Shot Blocked by Shane Doan.
9:03 of 3rd period - Slapshot by Michal Rozsival.
9:03 of 3rd period - Stopped by Chris Mason with a rebound.
9:05 of 3rd period - Slapshot by Niklas Sundstrom.
9:05 of 3rd period - Stopped by Chris Mason without a rebound.
9:06 of 3rd period - Shane Doan wins face-off versus Niclas Bergfors in Flyers zone.
9:11 of 3rd period - Wrist shot by Markus Naslund.
9:11 of 3rd period - Stopped by Chris Mason without a rebound.
9:12 of 3rd period - Shane Doan wins face-off versus Mats Sundin in Flyers zone.
9:12 of 3rd period - Shane Doan is hit by Markus Naslund.
9:18 of 3rd period - Slapshot by Marc Savard.
9:18 of 3rd period - Shot Blocked by Mats Sundin.
9:37 of 3rd period - Brooks Orpik is hit by Niklas Sundstrom and loses puck.
9:48 of 3rd period - Snap shot by Andrei Kostitsyn.
9:48 of 3rd period - Shot Misses the Net.
9:50 of 3rd period - Slapshot by Scott Hannan.
9:50 of 3rd period - Stopped by Niklas Backstrom without a rebound.
9:51 of 3rd period - Jeff O'Neill wins face-off versus Mats Sundin in Sabres zone.
10:00 of 3rd period - Wrist shot by Simon Gagné.
10:00 of 3rd period - Shot Misses the Net.
10:02 of 3rd period - Snap shot by Simon Gagné.
10:02 of 3rd period - Stopped by Niklas Backstrom without a rebound.
10:03 of 3rd period - Jeff O'Neill wins face-off versus Andreas Johansson in Sabres zone.
10:10 of 3rd period - Wrist shot by Simon Gagné.
10:10 of 3rd period - Stopped by Niklas Backstrom without a rebound.
10:11 of 3rd period - Brendan Morrison wins face-off versus Simon Gagné in Sabres zone.
10:59 of 3rd period - Minor Penalty to Brian Campbell for Interference.
11:00 of 3rd period - Kyle Wellwood wins face-off versus Mats Sundin in Flyers zone.
11:11 of 3rd period - Snap shot by Mark Bell.
11:11 of 3rd period - Shot Misses the Net.
12:32 of 3rd period - Icing by Andreas Johansson.
12:33 of 3rd period - Kyle Wellwood wins face-off versus Brendan Morrison in Sabres zone.
12:59 of 3rd period - Penalty to Brian Campbell is over, Brian Campbell is back on ice.
13:10 of 3rd period - Mattias Timander is hit by Andrei Kostitsyn and loses puck.
13:14 of 3rd period - Icing by Mattias Timander.
13:15 of 3rd period - Jeff O'Neill wins face-off versus Mats Sundin in Sabres zone.
14:19 of 3rd period - Boyd Devereaux is hit by Miroslav Satan and loses puck.
14:31 of 3rd period - Minor Penalty to Steve Montador for High sticking.
14:31 of 3rd period - Minor Penalty to Niclas Bergfors for Cross-checking.
14:32 of 3rd period - Marc Savard wins face-off versus Brendan Morrison in neutral zone.
15:51 of 3rd period - Scott Hannan is hit by Jochen Hecht and loses puck.
16:27 of 3rd period - Ed Jovanovski is hit by Michal Rozsival and loses puck.
16:31 of 3rd period - Penalty to Steve Montador is over, Steve Montador is back on ice.
16:31 of 3rd period - Penalty to Niclas Bergfors is over, Niclas Bergfors is back on ice.
17:24 of 3rd period - Jochen Hecht is hit by Shane Doan and loses puck.
18:35 of 3rd period - Boyd Devereaux is hit by Brooks Orpik and loses puck.
19:01 of 3rd period - Flyers, Chris Mason is pulled from the net.
19:17 of 3rd period - Wrist shot by Simon Gagné.
19:17 of 3rd period - Deflect By Shane Doan.
19:17 of 3rd period - Stopped by Niklas Backstrom with a rebound.
19:19 of 3rd period - Snap shot by Scott Hannan.
19:19 of 3rd period - Stopped by Niklas Backstrom without a rebound.
19:20 of 3rd period - Michel Therrien call a timeout for Flyers.
19:20 of 3rd period - Boyd Devereaux wins face-off versus Marc Savard in Sabres zone.
19:42 of 3rd period - Snap shot by Simon Gagné.
19:42 of 3rd period - Stopped by Niklas Backstrom with a rebound.


Output by the SimonT Hockey Simulator (STHS) for François Prévost -- Original Page W3C XHTML 1.0 Valid
Hockey Simulator - Hockey Simulation - Hockey Manager